 Dungeon Crawl Stone Soup version 0.29-a0-723-gce39da1c22 (webtiles) character file.

Game seed: 16730189236831604244

1744 Mgcat the Trooper (level 9, 0/94 HPs)
             Began as an Ogre Fighter on June 28, 2022.
             Was a Believer of Ru.
             Slain by a kobold brigand
             ... wielding a +1 whip of pain
              (3 damage)
             ... on level 8 of the Dungeon.
             The game lasted 00:07:31 (3991 turns).

Mgcat the Trooper (Ogre Fighter)                    Turns: 3991, Time: 00:07:32

Health: 0/94       AC:  7    Str: 25 (28) XL:     9   Next: 6%
Magic:  9/9        EV:  9    Int:  7 (9)  God:    Ru [**....]
Gold:   291        SH:  8    Dex:  7 (8)  Spells: 8/8 levels left

rFire   . . .      SeeInvis .   g - +8 mace "Kafrum" {flame, Str+2}
rCold   . . .      Faith    .   c - +0 kite shield
rNeg    . . .      Spirit   .   b - +0 robe
rPois   .          Reflect  .   (helmet restricted)
rElec   .          Harm     .   (no cloak)
rCorr   .          Rampage  .   (gloves unavailable)
Will    .....                   (boots unavailable)
Stlth   +.........              i - amulet of regeneration {+regen, !d}
HPRegen 1.05/turn               x - +4 ring of protection
MPRegen 0.11/turn               (no ring)

@: attractive, invisible
A: large, unfitting armour, tough skin 1, inability to use devices
a: Renounce Religion


You were on level 8 of the Dungeon.
You worshipped Ru.
Ru was pleased with you.
You visited 2 branches of the dungeon, and saw 8 of its levels.

You collected 321 gold pieces.
You spent 30 gold pieces at shops.

Inventory:

Hand Weapons
 a - a +0 war axe
 g - the +8 mace "Kafrum" (weapon) {flame, Str+2}
   (You found it on level 2 of the Dungeon)

   It burns those it strikes, dealing additional fire damage.
   Str:       It affects your strength (+2).
Armour
 b - a +0 robe (worn)
 c - a +0 kite shield (worn)
Jewellery
 i - an amulet of regeneration (around neck) {+regen, !d}
   (You found it on level 2 of the Dungeon)
 x - a +4 ring of protection (left hand)
   (You found it on level 5 of the Dungeon)
Scrolls
 e - a scroll of amnesia {unknown}
 h - a scroll of summoning {unknown}
 j - a scroll of acquirement {unknown}
 k - 3 scrolls of identify {unknown}
 l - a scroll of poison {unknown}
 n - 2 scrolls of teleportation
 p - a scroll of blinking {unknown}
 q - a scroll of magic mapping {unknown}
 s - 2 scrolls of immolation {unknown}
 t - a scroll of fear {unknown}
 u - a scroll of silence {unknown}
Potions
 d - a potion of might
 f - 2 potions of resistance


   Skills:
 + Level 7.7 Fighting
 * Level 7.4 Axes
 + Level 5.3 Dodging
 + Level 5.8 Shields


You had 8 spell levels left.
You didn't know any spells.
Your spell library contained the following spells:

 Spells                   Type           Power      Damage    Failure   Level
 Apportation              Tloc           0%         N/A       69%         1
 Magic Dart               Conj           0%         1d3       69%         1
 Necrotize                Necr           0%         1d4       69%         1
 Summon Small Mammal      Summ           0%         N/A       69%         1
 Call Imp                 Summ           0%         N/A       83%         2
 Confusing Touch          Hex            0%         N/A       96%         3
 Frozen Ramparts          Ice            0%         1d2       96%         3
 Mephitic Cloud           Conj/Pois/Air  0%         N/A       96%         3
 Summon Guardian Golem    Hex/Summ       0%         N/A       96%         3
 Flame Wave               Conj/Fire      0%         2d4       100%        4
 Ice Form                 Ice/Tmut       0%         N/A       100%        4
 Sticky Flame             Conj/Fire      0%         2d3       100%        4
 Summon Ice Beast         Ice/Summ       0%         N/A       100%        4


Dungeon Overview and Level Annotations

Branches:
Dungeon (6/15)             Temple (1/1) D:4

Altars:
Cheibriados
Fedhas
Hepliaklqana
Nemelex Xobeh
Okawaru
Qazlal
Ru
Sif Muna
Trog
Wu Jian
Xom
Yredelemnul
Zin
The Shining One

Shops:
D:3 !


Innate Abilities, Weirdness & Mutations

You are too large for most types of armour.
You have tough skin. (AC +1)
You cannot study or use magical devices.


Message History

Your surroundings suddenly seem different.
A steam dragon comes into view.
Spoiler Alert: The steam dragon (wandering, can't see you) breathes balls of steam!
Unknown command.
Lua error: [string "/dgldir/rcfiles/crawl-git/Mgcat.rc"]:930: invalid capture index Unknown command.
Lua error: [string "/dgldir/rcfiles/crawl-git/Mgcat.rc"]:930: invalid capture index Unknown command.
Lua error: [string "/dgldir/rcfiles/crawl-git/Mgcat.rc"]:930: invalid capture index Unknown command.
Spoiler Alert: The steam dragon (wandering, can't see you) breathes balls of steam!
Unknown command.
Lua error: [string "/dgldir/rcfiles/crawl-git/Mgcat.rc"]:930: invalid capture index Unknown command.
Lua error: [string "/dgldir/rcfiles/crawl-git/Mgcat.rc"]:930: invalid capture index Unknown command.
Lua error: [string "/dgldir/rcfiles/crawl-git/Mgcat.rc"]:930: invalid capture index Spoiler Alert: The steam dragon (wandering, can't see you) breathes balls of steam!
Lua error: [string "/dgldir/rcfiles/crawl-git/Mgcat.rc"]:930: invalid capture index It was a potion of degeneration.
There was something very wrong with that liquid.
You feel weakened.
You feel dopey.
You feel clumsy.
It was a potion of attraction.
You feel attractive to monsters.
You start resting.
A howler monkey comes into view.
The howler monkey is attracted toward you.
You regained 18 hp, and now have 38/94 hp.
A howler monkey is nearby!
A two-headed ogre comes into view.
It is wielding a +0 giant spiked club and a +0 giant club.
The howler monkey is attracted toward you.
The two-headed ogre is attracted toward you.
As you read the scroll of teleportation, it crumbles to dust.
You feel strangely unstable.
The howler monkey is attracted toward you.
The two-headed ogre is attracted toward you.
Unknown command.
Unknown command.
You barely miss the howler monkey.
The howler monkey howls!
The two-headed ogre shouts in stereo!
You hear a shout!
You hear a howl!
The howler monkey barely misses you.
Unknown command.
Unknown command.
Unknown command.
Unknown command.
Unknown command.
Unknown command.
Unknown command.
Unknown command.
You bludgeon the two-headed ogre!! You burn the two-headed ogre.
The two-headed ogre is moderately wounded.
You block the two-headed ogre's attack.
The two-headed ogre hits you with a +0 giant club!!
* * * LOW HITPOINT WARNING * * *
You take 22 damage, and have 19/94 hp.
MASSIVE DAMAGE!!
Unknown command.
Unknown command.
Unknown command.
You hit the two-headed ogre but do no damage.
The two-headed ogre is moderately wounded.
Your surroundings suddenly seem different.
A kobold brigand and 4 kobolds come into view.
The kobold brigand is wielding a +1 whip of pain and quivering poisoned darts.
A kobold is wielding a +0 short sword and quivering poisoned darts.
A kobold is wielding a +0 whip and quivering poisoned darts.
Found a stone staircase leading down.
The kobold shouts! x3; The kobold brigand shouts!
You hear a shout!
The kobold brigand is attracted toward you.
The kobold is attracted toward you.
Unknown command.
Unknown command.
Unknown command.
Unknown command.
Unknown command.
Unknown command.
You sock the kobold! You burn the kobold.
You kill the kobold!
The kobold shouts!
The kobold brigand hits you with a +1 whip of pain.
* * * LOW HITPOINT WARNING * * *
You block the kobold brigand's attack. The kobold closely misses you.
The kobold is attracted toward you.
You take 4 damage, and have 16/94 hp.
You catch the helpless kobold completely off-guard!
You sock the kobold! You burn the kobold.
You kill the kobold!
The kobold shouts!
The kobold brigand hits you with a +1 whip of pain!
* * * LOW HITPOINT WARNING * * *
You writhe in agony.
* * * LOW HITPOINT WARNING * * *
The kobold hits you with a +0 short sword.
* * * LOW HITPOINT WARNING * * *
A kobold comes into view. It is wielding a +0 dagger.
The kobold is attracted toward you.
You take 14 damage, and have 2/94 hp.
You sock the kobold! You burn the kobold.
You kill the kobold!
The kobold shouts!
The kobold brigand hits you with a +1 whip of pain.
You die...

#.# #.# #...
#.# #...###
#.# #.....#
#.# #.....##
### #..
#......##§...
+##
#.....§K.....
#
#....)KK.§>..
+ #....@)...#
#.......###
#.......#
#.....###
#......
#.#...#
..#.... ..
#....


You could see a kobold brigand (can't see you) and 2 kobolds.

Vanquished Creatures
  Pikel (D:5)
  Eustachio (D:4)
  Edmund (D:5)
  A black bear (D:5)
  An ice beast (D:4)
  2 orc warriors (D:8)
  An ogre (D:4)
  A lemure (D:5)
  Blork the orc (D:5)
  4 scorpions
  A killer bee (D:8)
  A howler monkey (D:8)
  A hound (D:4)
  An orc wizard (D:4)
  7 adders
  An ufetubus (D:5)
  5 worms
  2 dart slugs (D:4)
  4 orcs
  3 endoplasms
  6 giant cockroaches
  9 goblins
  9 hobgoblins
  4 jackals (D:1)
  4 quokkas
  8 ball pythons
  6 bats
  A frilled lizard (D:1)
  8 kobolds
  6 rats
101 creatures vanquished.

Notes
Turn   | Place    | Note
-------+----------+-------------------------------------------
     0 | D:1      | Mgcat the Ogre Fighter began the quest for the Orb.
     0 | D:1      | Reached XP level 1. HP: 24/24 MP: 1/1
   102 | D:1      | Reached XP level 2. HP: 32/32 MP: 2/2
   115 | D:1      | HP: 7/32 [kobold/+0 short sword (5)]
   666 | D:1      | Reached XP level 3. HP: 32/39 MP: 3/3
  1017 | D:2      | Identified the +8 mace "Kafrum" {flame, Str+2}
  1026 | D:2      | Reached skill level 3 in Dodging
  1186 | D:2      | Got the Incunabulum of Enthralling Conjuration
  1190 | D:2      | Identified the +9 rapier of Fissome {vorpal, rF+ rN+}
  1197 | D:2      | Reached skill level 3 in Axes
  1197 | D:2      | Reached XP level 4. HP: 47/49 MP: 4/4
  1433 | D:2      | Found a faded altar of an unknown god.
  1605 | D:3      | Found a blossoming altar of Fedhas.
  1675 | D:3      | Found Biacei's Distillery.
  1725 | D:3      | Bought a potion of curing for 30 gold pieces
  1866 | D:3      | Reached XP level 5. HP: 38/55 MP: 5/5
  2341 | D:4      | Noticed an ogre
  2348 | D:4      | Killed an ogre
  2349 | D:4      | Reached skill level 5 in Fighting
  2349 | D:4      | Reached skill level 4 in Axes
  2405 | D:4      | Reached XP level 6. HP: 53/66 MP: 6/6
  2436 | D:4      | Noticed Eustachio
  2441 | D:4      | Reached skill level 4 in Shields
  2450 | D:4      | Killed Eustachio
  2604 | D:4      | Found a staircase to the Ecumenical Temple.
  2700 | Temple   | Entered the Ecumenical Temple
  2786 | Temple   | Became a worshipper of Ru the Awakened
  2970 | D:4      | Reached XP level 7. HP: 69/72 MP: 7/7
  3022 | D:4      | Reached skill level 5 in Axes
  3022 | D:4      | Reached skill level 4 in Dodging
  3138 | D:5      | Entered Level 5 of the Dungeon
  3140 | D:5      | Found a hazy altar of Hepliaklqana.
  3193 | D:5      | Reached skill level 6 in Fighting
  3373 | D:5      | Noticed Blork the orc
  3374 | D:5      | Noticed Edmund
  3385 | D:5      | Killed Blork the orc
  3386 | D:5      | Reached XP level 8. HP: 82/84 MP: 8/8
  3391 | D:5      | Killed Edmund
  3392 | D:5      | Reached skill level 6 in Axes
  3392 | D:5      | Reached skill level 5 in Shields
  3594 | D:5      | Noticed Pikel
  3609 | D:5      | Killed Pikel
  3610 | D:5      | Reached skill level 7 in Fighting
  3610 | D:5      | Reached skill level 7 in Axes
  3610 | D:5      | Reached skill level 5 in Dodging
  3770 | D:5      | Gained mutation: You cannot study or use magical devices.
                  | [Ru sacrifice]
  3770 | D:5      | Reached * piety under Ru
  3770 | D:5      | Reached ** piety under Ru
  3912 | D:6      | You fall into a shaft and drop 2 floors!
  3948 | D:8      | Reached XP level 9. HP: 62/93 MP: 9/9
  3952 | D:8      | HP: 22/93 [orc warrior/+0 halberd (19)]
  3953 | D:8      | HP: 3/93 [orc warrior/+0 halberd (20)]
  3954 | D:8      | Noticed a centaur warrior
  3958 | D:8      | HP: 13/94 [centaur warrior (3)]
  3984 | D:8      | Noticed a two-headed ogre
  3987 | D:8      | HP: 19/94 [two-headed ogre/+0 giant spiked club (24)]
  3990 | D:8      | HP: 7/94 [kobold brigand/+1 whip of pain (3)]
  3990 | D:8      | HP: 2/94 [kobold/+0 short sword (5)]
  3991 | D:8      | Slain by a kobold brigand

Illustrated notes

Levels and vault maps discovered:
D:1:      ncdulo_lavacross, layout_basic
D:2:      layout_basic, shapermc_ecumenical_altar_pompeii
D:3:      layout_basic, overflow_temple_1_default, serial_shops,
          nicolae_shop_advertising_works [nicolae_subvault_shop_adworks],
          kennysheep_generic_room_2
D:4:      layout_cave_pods, temple_statues, kennysheep_opposing_triangles,
          uniq_eustachio
D:5:      layout_basic, amcnicky_altar_gilded, uniq_pikel, uniq_blork_the_orc,
          uniq_edmund
D:6:      wander_river, layout_basic, mainiacjoe_overflow_surrounded_room,
          dreamdust_gnoll_farm, uniq_sigmund
D:8:      minmay_the_grid_triangle_9x9_rhombus_thin
          [minmay_the_grid_triangle_9x9_tough_junction,
          minmay_the_grid_triangle_9x9_prize_center,
          minmay_the_grid_triangle_9x9_skeleton,
          minmay_the_grid_triangle_9x9_zippers_vertical], layout_cave_pools,
          grunt_temple_overflow_lords_of_destruction,
          nicolae_dithmenos_through_a_glass_darkly, lemuel_doored_altar,
          nicolae_fountain_basement
Temple:   nicolae_temple_hex_pool

Skill      XL: |  1  2  3  4  5  6  7  8 |
---------------+-------------------------+-----
Dodging        | 3 4 5 |  5.3
Axes           | 3 4 5 7 |  7.4
Fighting       | 5 6 7 |  7.7
Shields        | 4 5 |  5.8

Action                   |  1- 3 |  4- 6 |  7- 9 || total
-------------------------+-------+-------+-------++-------
Melee: War axe           |    73 |       |       ||    73
       Mace              |    14 |    79 |    79 ||   172
Invok: Sacrifice Artific |       |       |     1 ||     1
Evoke: Wand              |       |       |     1 ||     1
  Use: Potion            |       |     1 |     6 ||     7
       Scroll            |       |       |     2 ||     2
 Stab: Invisible         |       |       |     1 ||     1
Armor: Robe              |    28 |    13 |    17 ||    58
Dodge: Dodged            |    29 |    29 |    29 ||    87
Block: Kite shield       |    34 |    27 |    30 ||    91

Table legend: (Time is in decaauts)
 A = Elapsed time spent in this place.
 B = Non-inter-level travel time spent in this place.
 C = Inter-level travel time spent in this place.
 D = Time resting spent in this place.
 E = Time spent auto-exploring this place.
 F = Levels seen in this place.
 G = Mean time per level.
                   A        B        C        D        E       F      G
               +--------+--------+--------+--------+--------+-----+--------+
         Total |   4095 |   3933 |    162 |    380 |   2869 |   8 |  511.9 |
       Dungeon |   3998 |   3856 |    142 |    380 |   2804 |   7 |  571.1 |
        Temple |     97 |     77 |     20 |      0 |     65 |   1 |   97.0 |
               +--------+--------+--------+--------+--------+-----+--------+

Top non-repeatable levels by time:
     D:1: 1034 daAuts
     D:4: 873 daAuts
     D:5: 789 daAuts
     D:3: 640 daAuts
     D:2: 574 daAuts
  Temple: 97 daAuts
     D:8: 85 daAuts

Table legend:
 A = Kills in this place as a percentage of kills in entire the game.
 B = Kills by you in this place as a percentage of kills by you in the entire game.
 C = Kills by friends in this place as a percentage of kills by friends in the entire game.
 D = Other kills in this place as a percentage of other kills in the entire game.
 E = Experience gained in this place as a percentage of experience gained in the entire game.
 F = Experience gained in this place divided by the number of levels of this place that you have seen.
                   A       B       C       D       E      F
               +-------+-------+-------+-------+-------+----------------------
         Total | 100.0 | 100.0 |   N/A |   N/A | 100.0 | 311.6
       Dungeon | 100.0 | 100.0 |   N/A |   N/A | 100.0 | 356.1
               +-------+-------+-------+-------+-------+----------------------
